 Dungeon Crawl Stone Soup version 0.27.0-1-g7a089689b8 (webtiles) character file.

Game seed: 3009883400713495258

36 Gwenloh the Magician (level 3, -1/26 HPs)
             Began as a Djinni Hedge Wizard on Aug 5, 2021.
             Was a Follower of Elyvilon.
             Slain by an iguana (11 damage)
             ... on level 2 of the Dungeon.
             The game lasted 00:05:27 (1907 turns).

Gwenloh the Magician (Djinni Hedge Wizard)          Turns: 1907, Time: 00:05:29

Health: -1/26      AC:  2    Str:  9    XL:     3   Next: 57%
Gold:   28         EV: 12    Int: 16    God:    Elyvilon [*.....] SH:  0 Dex: 12

rFire    + + .     SeeInvis .   a - +0 dagger
rCold    x . .     Faith    .   (no shield)
rNeg     . . .     Spirit   .   b - +0 robe
rPois    ∞         Reflect  .   c - +0 hat
rElec    .         Harm     .   (no cloak)
rCorr    .         Rampage  .   (no gloves)
Will     .....                  (boots unavailable)
Stlth    ++........             (no amulet)
HPRegen  0.08/turn              (no ring)
MPRegen  0.00/turn              (no ring)

@: flying
A: sickness immunity, fire resistance 2, cold vulnerability 1, float, innate
caster, hp casting, extra vitality 1
a: Renounce Religion, Lesser Healing, Divine Protection


You were on level 2 of the Dungeon.
You worshipped Elyvilon.
Elyvilon was aware of your devotion.
You visited 1 branch of the dungeon, and saw 2 of its levels.

You collected 28 gold pieces.

Inventory:

Hand Weapons
 a - a +0 dagger (weapon)
Armour
 b - a +0 robe (worn)
 c - a +0 hat (worn)
Scrolls
 e - a scroll of fog {unknown}
Potions
 d - a potion of resistance {unknown}


   Skills:
 + Level 0.6 Fighting
 - Level 2.1 Dodging
 - Level 1.5 Stealth
 * Level 3.2 Spellcasting
 + Level 0.5 Invocations


You couldn't memorise any spells.
You knew the following spells:

 Your Spells              Type           Power      Damage    Failure   Level
a - Magic Dart            Conj           52%        1d5       4%          1
b - Blink                 Tloc           N/A        N/A       8%          2
c - Call Imp              Summ           13%        N/A       8%          2
d - Slow                  Hex            13%        N/A       8%          2
e - Conjure Flame         Conj/Fire      13%        6-21      14%         3
f - Mephitic Cloud        Conj/Pois/Air  13%        N/A       14%         3
g - Apportation           Tloc           26%        N/A       4%          1
Your spell library was empty.

Dungeon Overview and Level Annotations

Branches:
Dungeon (2/15)

Altars:
Elyvilon

Shops:
D:1 [


Innate Abilities, Weirdness & Mutations

You are immune to sickness and miasma.
You are immune to poison.
Your flesh is very heat resistant. (rF++)
You are vulnerable to cold. (rC-)
You float through the air rather than walking.
You learn spells naturally, not from books.
Your magical power is your life essence.
You have superior vitality. (+4 HP)


Message History

Casting: Magic Dart (safe; 4% risk of failure)
Confirm with . or Enter, or press ? or * to list all spells.
The spell is quite dangerous to cast (14% risk of failure)!
Continue anyway?
Aiming: Mephitic Cloud (quite dangerous; 14% risk of failure)
Press: ? - help, Shift-Dir - straight line, f - iguana
Aim: an iguana (asleep, chance to affect: 86%)
The ball explodes into a vile cloud!
The stinking cloud engulfs the iguana but does no damage.
The iguana hisses angrily.
The iguana is engulfed in noxious fumes.
Casting: Mephitic Cloud (quite dangerous; 14% risk of failure)
Confirm with . or Enter, or press ? or * to list all spells.
The spell is quite dangerous to cast (14% risk of failure)!
Continue anyway?
The fire begins to smoulder!
The iguana barely misses you.
The iguana smothers the flame.
Casting: Conjure Flame (quite dangerous; 14% risk of failure)
Confirm with . or Enter, or press ? or * to list all spells.
Aiming: Magic Dart (safe; 4% risk of failure)
Press: ? - help, Shift-Dir - straight line, f/p - iguana
Aim: an iguana (lightly wounded, 100% to hit)
The magic dart hits the iguana.
The iguana is moderately wounded.
The iguana barely misses you.
Casting: Magic Dart (safe; 4% risk of failure)
Confirm with . or Enter, or press ? or * to list all spells.
Aiming: Magic Dart (safe; 4% risk of failure)
Press: ? - help, Shift-Dir - straight line, f/p - iguana
Aim: an iguana (moderately wounded, 100% to hit)
The magic dart hits the iguana but does no damage.
The iguana is moderately wounded.
The iguana bites you!
Casting: Magic Dart (safe; 4% risk of failure)
Confirm with . or Enter, or press ? or * to list all spells.
Aiming: Magic Dart (safe; 4% risk of failure)
Press: ? - help, Shift-Dir - straight line, f/p - iguana
Aim: an iguana (moderately wounded, 100% to hit)
The magic dart hits the iguana but does no damage.
The iguana is moderately wounded.
The iguana bites you!
You die...

### #.. ..#
#####.##### #.# ##
##...#.....# #.# #.
..#.......# #.# #.
#........# #.# #. ##
#.......####.#####
#.###......>.........
#$#@.>.....#.#......
#l#.......#.#......
#.##..####......(...
..#....# ###........
#.#####.####.......###
#.......#..'..........
#######.#.##.......###
#.#.#......#...
#.#.#.####.#.###


You could see an iguana.

Vanquished Creatures
  2 dart slugs (D:1)
  A bat (D:1)
  An endoplasm (D:1)
  5 goblins (D:1)
  4 hobgoblins
  3 kobolds
  5 quokkas (D:1)
  4 ball pythons
  A frilled lizard (D:1)
  A rat (D:1)
27 creatures vanquished.

Vanquished Creatures (others)
  3 plants (D:1)
3 creatures vanquished.

Grand Total: 30 creatures vanquished

Notes
Turn   | Place    | Note
-------+----------+-------------------------------------------
     0 | D:1      | Gwenloh the Djinni Hedge Wizard began the quest for the
                  | Orb.
     0 | D:1      | Reached XP level 1. HP: 15/15 MP: 0/0
   128 | D:1      | Found Koytax's Antique Armour Shoppe.
   298 | D:1      | Reached XP level 2. HP: 15/21 MP: 0/0
   513 | D:1      | Reached skill level 3 in Spellcasting
   744 | D:1      | Found a faded altar of an unknown god.
   765 | D:1      | Became a worshipper of Elyvilon the Healer
   765 | D:1      | Reached * piety under Elyvilon
  1072 | D:1      | Reached XP level 3. HP: 23/25 MP: 0/0
  1072 | D:1      | Learned a level 1 spell: Apportation
  1907 | D:2      | Slain by an iguana

Illustrated notes

Levels and vault maps discovered:
D:1:      dpeg_arrival_radiant, layout_basic, serial_bayou,
          serial_bayou_crossing, serial_bayou_pond_c, serial_bayou_pond_b,
          serial_bayou_pond_d, ebering_ecumenical_altar_ruins, serial_shops,
          shop_statue, serial_bayou_ford_a, minmay_crystal_room,
          hangedman_decor_clover_reticule
D:2:      layout_basic, minmay_tripent

Skill      XL: |  1  2 |
---------------+-------+-----
Spellcasting   | 3 |  3.2
Fighting       | |  0.6
Dodging        | |  2.1
Stealth        | |  1.5
Invocations    | |  0.5

Action                   || total
-------------------------++-------
 Cast: Magic Dart        ||    65
       Conjure Flame     ||     2
       Mephitic Cloud    ||     2
Invok: Lesser Healing    ||     1
Dodge: Dodged            ||     5
